 Dungeon Crawl Stone Soup version 0.28-a0-845-gfc338a8e3c (webtiles) character file.

Game seed: 15155454985203271009

566 solopath the Slasher (level 7, 59/59 HPs)
             Began as a Palentonga Fighter on Nov 13, 2021.
             Quit the game on level 4 of the Dungeon on Nov 17, 2021.
             The game lasted 00:06:52 (3590 turns).

solopath the Slasher (Palentonga Fighter)           Turns: 3590, Time: 00:06:52

Health: 59/59      AC:  8    Str: 21    XL:     7   Next: 10%
Magic:  7/7        EV:  7    Int:  8    God:
Gold:   169        SH:  4    Dex: 10    Spells: 6/6 levels left

rFire   . . .      SeeInvis +   a - +0 long sword
rCold   . . .      Faith    .   c - +0 buckler
rNeg    . . .      Spirit   .   b - +0 scale mail
rPois   .          Reflect  .   d - +0 helmet
rElec   .          Harm     .   o - +0 cloak
rCorr   .          Rampage  .   (no gloves)
Will    .....                   (no barding)
Stlth   ..........              (no amulet)
HPRegen 0.19/turn               (no ring)
MPRegen 0.10/turn               (no ring)

@: no status effects
A: large, rugged brown scales 3, see invisible, deformed body, roll 1, armoured
tail, reflexive curl
a: Rolling Charge


You were on level 4 of the Dungeon.
You visited 1 branch of the dungeon, and saw 4 of its levels.

You collected 169 gold pieces.

Inventory:

Hand Weapons
 a - a +0 long sword (weapon)
Missiles
 h - 3 javelins (quivered)
Armour
 b - a +0 scale mail (worn)
 c - a +0 buckler (worn)
 d - a +0 helmet (worn)
 o - a +0 cloak (worn)
Jewellery
 i - a ring of ice
Scrolls
 e - a scroll of magic mapping {unknown}
 f - a scroll of enchant weapon {unknown}
 j - 4 scrolls of identify {unknown}
 l - a scroll of fog {unknown}
 p - a scroll of teleportation {unknown}
Potions
 g - 3 potions of curing
 k - a potion of magic {unknown}
 m - a potion of flight {unknown}
 n - 3 potions of brilliance {unknown}


   Skills:
 + Level 5.2 Fighting
 * Level 6.5 Long Blades
 - Level 2.4 Armour
 - Level 2.4 Shields


You had 6 spell levels left.
You didn't know any spells.
Your spell library contained the following spells:

 Spells                   Type           Power      Damage    Failure   Level
 Petrify                  Tmut/Erth      0%         N/A       100%        4
 Metabolic Englaciation   Hex/Ice        0%         N/A       100%        5
 Statue Form              Tmut/Erth      0%         N/A       100%        6


Dungeon Overview and Level Annotations

Branches:
Dungeon (4/15)
 Temple: D:4-7

Altars:
Cheibriados
Qazlal
Wu Jian


Innate Abilities, Weirdness & Mutations

You are completely covered in rugged brown scales. (AC +3, +7% HP)
You have supernaturally acute eyesight. (SInv)
Armour fits poorly on your strangely shaped body.
You can roll at nearby foes to attack.
You have a long armoured tail.
You curl defensively after being hit. (AC +7*)


Message History

You slash the jelly!
You kill the jelly!
HP restored.
h - 3 javelins (gained 1)
You open the door.
There is an open door here.
You open the door.
There is an open door here.
As you open the door, it creaks loudly!
There is an open door here.
You open the door.
A scorpion comes into view.
A scorpion is nearby!
The scorpion closely misses you.
There is an open door here.
You closely miss the scorpion. The scorpion stings you.
You barely miss the scorpion. The scorpion stings you!
You are poisoned.
The scorpion poisons you! The scorpion stings you.
You slash the scorpion!
The scorpion is heavily wounded.
You feel very sick.
The scorpion stings you but does no damage.
You hit the scorpion. You tail-slap the scorpion.
The scorpion is almost dead.
You feel sick. The scorpion stings you.
You slash the scorpion!
You kill the scorpion!
You feel sick.
You have reached level 7!
You now curl defensively after being hit.
You start resting.
You feel sick. x6
You are no longer poisoned.
Okay, then.
You start resting.
HP restored.
Saving game... please wait.
Welcome back, solopath the Palentonga Fighter.
Press ? for a list of commands and other information.
Are you sure you want to abandon this character and quit the game? (Confirm with "yes".)

.###### .......##### .# #.#
.......@...##.# #.#
.........###.##.# #.###
.#####+#####'##.# .....
................#
#.#.###.#..##..........#
#.#.#..................#
#.#....................#######
#.#.....##..##................
...<.........+........########


There were no monsters in sight!

Vanquished Creatures
  Grinder (D:3)
  A scorpion (D:4)
  A jelly (D:4)
  An orc priest (D:3)
  An iron imp (D:3)
  Terence (D:3)
  Robin (D:3)
  4 gnolls
  3 adders
  An ufetubus (D:2)
  2 worms (D:2)
  2 dart slugs
  4 orcs
  9 ball pythons
  6 endoplasms
  3 giant cockroaches
  9 hobgoblins
  2 jackals (D:3)
  5 kobolds
  A quokka (D:2)
  3 bats (D:2)
  3 frilled lizards
  18 goblins
  4 rats
86 creatures vanquished.

Notes
Turn   | Place    | Note
-------+----------+-------------------------------------------
     0 | D:1      | solopath the Palentonga Fighter began the quest for the
                  | Orb.
     0 | D:1      | Reached XP level 1. HP: 19/19 MP: 1/1
    46 | D:1      | Found a faded altar of an unknown god.
   185 | D:1      | Reached XP level 2. HP: 21/25 MP: 2/2
   771 | D:1      | Reached skill level 3 in Long Blades
   865 | D:2      | Reached XP level 3. HP: 31/31 MP: 3/3
  1373 | D:2      | Found a stormy altar of Qazlal.
  1827 | D:2      | Reached XP level 4. HP: 39/39 MP: 4/4
  1996 | D:3      | Noticed Terence
  1996 | D:3      | Found an ornate altar of the Wu Jian Council.
  2066 | D:2      | Reached skill level 4 in Long Blades
  2195 | D:3      | Reached XP level 5. HP: 25/44 MP: 5/5
  2228 | D:3      | Killed Terence
  2233 | D:3      | Reached skill level 5 in Long Blades
  2304 | D:3      | Noticed Robin
  2630 | D:3      | Killed Robin
  2650 | D:3      | Noticed a spectral centipede
  2650 | D:3      | Noticed a spectral black mamba
  2650 | D:3      | Noticed a spectral cane toad
  2774 | D:3      | Found a snail-covered altar of Cheibriados.
  2986 | D:3      | Noticed Grinder
  2988 | D:3      | Paralysed by Grinder for 5 turns
  2997 | D:3      | Paralysed by Grinder for 7 turns
  3000 | D:3      | HP: 1/46 [Grinder (4)]
  3018 | D:3      | Killed Grinder
  3019 | D:3      | Reached skill level 5 in Fighting
  3019 | D:3      | Reached skill level 6 in Long Blades
  3019 | D:3      | Reached XP level 6. HP: 21/54 MP: 6/6
  3422 | D:4      | Gained mutation: You curl defensively after being hit. (AC
                  | +7*) [Palentonga growth]
  3422 | D:4      | Reached XP level 7. HP: 34/59 MP: 7/7
  3590 | D:4      | Quit the game

Illustrated notes

Levels and vault maps discovered:
D:1:      ncdulo_watergridlock, layout_loops_ring,
          shapermc_ecumenical_altar_mp_urbaneastern, minmay_stone_trees_medium,
          minivault_19, minivault_24, grunt_decor_junction, hangedman_decor_push
D:2:      layout_loops_ring, basic_altar, grunt_ministairs_6
D:3:      layout_rooms, pdpol_wu_jian_five_deadly_venoms, slow_altar_1,
          kennysheep_decorative_pillar, uniq_grinder, uniq_robin, uniq_terence
D:4:      layout_basic, serial_shops, nicolae_stop_n_shop_2,
          hellmonk_ghost_happy_afterlife, kennysheep_generic_room_11

Skill      XL: |  1  2  3  4  5 |
---------------+----------------+-----
Long Blades    | 3 4 6 |  6.5
Fighting       | 4 5 |  5.2
Armour         | |  2.4
Shields        | |  2.4

Action                   |  1- 3 |  4- 6 |  7- 9 || total
-------------------------+-------+-------+-------++-------
Melee: Long sword        |    90 |   111 |       ||   201
       Tailslap          |    14 |    11 |       ||    25
Throw: Javelin           |       |     5 |       ||     5
 Abil: Rolling Charge    |       |    14 |       ||    14
  Use: Potion            |     3 |     4 |       ||     7
Armor: Scale mail        |    41 |    55 |       ||    96
Dodge: Dodged            |    26 |    39 |       ||    65
Block: Buckler           |    15 |    18 |       ||    33

Table legend: (Time is in decaauts)
 A = Elapsed time spent in this place.
 B = Non-inter-level travel time spent in this place.
 C = Inter-level travel time spent in this place.
 D = Time resting spent in this place.
 E = Time spent auto-exploring this place.
 F = Levels seen in this place.
 G = Mean time per level.
                   A        B        C        D        E       F      G
               +--------+--------+--------+--------+--------+-----+--------+
         Total |   3637 |   3602 |     35 |    860 |   2056 |   4 |  909.2 |
       Dungeon |   3637 |   3602 |     35 |    860 |   2056 |   4 |  909.2 |
               +--------+--------+--------+--------+--------+-----+--------+

Top non-repeatable levels by time:
     D:2: 1594 daAuts
     D:3: 877 daAuts
     D:1: 851 daAuts
     D:4: 313 daAuts
